Carnivores vs Punishers
(R1)
Created - March 1, 2018 at 19:02
Goals
|
| Carnivores |
2 |
1 |
0 |
3 |
| Punishers |
3 |
2 |
2 |
7 |
|
Shots
|
| Carnivores |
15 |
7 |
6 |
28 |
| Punishers |
12 |
18 |
10 |
40 |
|
1st period
1. Carnivores , Nikita Alexeev 7 (Ryan Murray 19) at 0:53 (PP)
2. Punishers , Luke Adam 24 (Dan Bertram 5) at 1:30
3. Punishers , Tanner Glass 22 (Mattias Tedenby 28, Robbie Earl 46) at 10:55
4. Punishers , Tanner Glass 23 (Mattias Tedenby 29, Stefan Elliott 25) at 16:44
5. Carnivores , Brendan Gallagher 28 (Blake Geoffrion 45) at 18:29
Penalties :
Zack Hamill (Pro) for Hooking (Minor) at 0:22, Stefan Elliott (Pro) for Interference (Minor) at 7:46
2nd period
6. Punishers , Garret Ross 9 (Stefan Elliott 26, Casey Cizikas 29) at 7:29
7. Punishers , David Laliberté 25 (Zack Hamill 27) at 10:11
8. Carnivores , Brendan Gallagher 29 (Ryan Murray 20) at 16:26
Penalties :
Scott Laughton (Bre) for Holding Stick (Minor) at 10:45, Brendan Gallagher (Bre) for Holding Stick (Minor) at 17:54
3rd period
9. Punishers , Carter Ashton 1 (Quinton Howden 1, Trevor Van Riemsdyk 2) at 14:49
10. Punishers , Damon Severson 3 (David Laliberté 29, Robbie Earl 47) at 18:40 (PP)
Penalties :
Nicolas Kerdiles (Bre) for Holding (Minor) at 1:35, Jeremy Welsh (Bre) for Hooking (Minor) at 4:00, Mat Clark (Bre) for Roughing (Minor) at 10:43, Anton Gustafsson (Bre) for Slashing (Minor) at 15:07, Nicolas Kerdiles (Bre) for Hooking (Minor) at 18:32
Goalie Stats
Daniel Altshuller (Bre), 14 saves from 16 shots - (0.875), 29:49 minutes
Mike McKenna (Bre), 19 saves from 24 shots - (0.792), L, 10-7-3, 30:11 minutes
Niklas Svedberg (Pro), 25 saves from 28 shots - (0.893), W, 20-22-7, 60:00 minutes
Players Stats for Carnivores
Player Name G A P +/- PIM S H SB GA TA FO MP PP MP PK MP
------------------------------------------------------------------------------------
Adam Pelech 0 0 0 -2 0 0 0 0 0 0 0/0 8:52 0:00 0:22
Anton Gustafsson 0 0 0 1 2 2 3 0 0 0 15/41 23:13 1:26 5:33
Blake Geoffrion 0 1 1 1 0 7 0 1 1 0 1/2 18:02 1:26 0:38
Brendan Gallagher 2 0 2 1 2 3 2 0 0 1 0/2 20:12 1:26 2:16
David Schlemko 0 0 0 -2 0 1 0 0 0 0 0/0 4:48 0:00 0:00
Jeremy Welsh 0 0 0 -3 2 2 1 0 0 0 1/1 10:21 0:00 0:00
Jeremy Williams 0 0 0 -3 0 3 0 0 0 0 0/1 10:16 0:00 0:00
Joe Corvo 0 0 0 0 0 1 2 3 0 0 0/0 26:35 1:34 6:35
Josh Manson 0 0 0 -2 0 0 0 1 0 0 0/0 4:48 0:00 0:00
Mark Jankowski 0 0 0 0 0 0 0 0 0 0 0/0 2:08 0:00 1:51
Mark McNeill 0 0 0 -1 0 0 0 0 1 0 0/0 6:18 0:00 0:00
Markus Granlund 0 0 0 -3 0 0 2 0 0 0 4/7 10:16 0:00 0:00
Mat Clark 0 0 0 0 2 1 0 0 0 0 0/0 14:17 0:56 0:00
Mattias Backman 0 0 0 0 0 0 0 0 0 0 0/0 0:45 0:00 0:22
Nate Schmidt 0 0 0 0 0 0 0 0 0 0 0/0 18:41 0:00 5:05
Nicolas Kerdiles 0 0 0 -1 4 0 1 0 0 0 0/0 8:55 0:00 2:16
Nikita Alexeev 1 0 1 -1 0 3 2 1 0 0 0/0 13:10 1:04 0:00
Ryan Murray 0 2 2 0 0 1 0 2 0 0 0/0 26:35 1:34 6:35
Scott Laughton 0 0 0 -1 2 2 1 0 0 0 10/17 15:28 1:04 2:12
Steve Begin 0 0 0 -1 0 2 2 1 0 1 0/1 19:42 1:04 6:32
T.J Brodie 0 0 0 -2 0 0 0 2 0 1 0/0 14:48 0:56 5:05
Zack Smith 0 0 0 -1 0 0 0 0 0 0 1/1 9:41 0:00 2:46
Players Stats for Punishers
Player Name G A P +/- PIM S H SB GA TA FO MP PP MP PK MP
------------------------------------------------------------------------------------
Carter Ashton 1 0 1 1 0 2 0 0 1 0 0/0 6:50 0:00 0:00
Casey Cizikas 0 1 1 1 0 2 1 0 0 0 5/13 17:54 5:12 0:00
Damon Severson 1 0 1 0 0 3 2 1 0 0 0/0 29:29 7:07 1:50
Dan Bertram 0 1 1 1 0 3 1 0 0 0 0/1 10:29 0:09 0:00
David Laliberté 1 1 2 1 0 4 1 0 0 1 2/2 22:46 6:27 0:44
Dylan DeMelo 0 0 0 1 0 0 0 0 0 0 0/0 11:39 0:08 1:19
Erik Nystrom 0 0 0 1 0 0 0 0 0 0 0/0 6:50 0:00 0:00
Garret Ross 1 0 1 1 0 3 0 0 0 0 0/0 10:19 0:00 0:00
Jordan Schmaltz 0 0 0 3 0 1 0 2 0 0 0/0 20:57 5:07 0:40
Luke Adam 1 0 1 1 0 2 2 2 0 1 5/7 10:40 0:00 0:21
Mattias Tedenby 0 2 2 1 0 3 0 1 1 0 1/1 17:57 5:14 0:00
Oscar Sundqvist 0 0 0 0 0 0 1 0 0 0 0/0 0:25 0:23 0:00
Patrick Wiercioch 0 0 0 2 0 1 0 1 0 0 0/0 17:52 3:52 0:40
Quinton Howden 0 1 1 1 0 1 0 0 0 0 0/2 6:50 0:00 0:00
Radek Faksa 0 0 0 0 0 0 0 0 0 0 0/0 0:18 0:17 0:00
Robbie Earl 0 2 2 1 0 1 1 1 0 0 4/4 24:00 6:39 1:46
Stefan Elliott 0 2 2 0 2 3 0 2 0 0 0/0 28:06 6:47 0:31
Tanner Glass 2 0 2 1 0 5 6 1 0 0 0/0 18:41 5:14 0:44
Trevor Van Riemsdyk 0 1 1 2 0 0 1 0 0 0 0/0 11:56 1:03 0:00
Zack Hamill 0 1 1 1 2 6 2 0 1 0 24/43 23:30 6:31 1:25
3 Stars
1 - Tanner Glass (Pro)
2 - David Laliberté (Pro)
3 - Luke Adam (Pro)
Power Play
Carnivores - 1 on 2 Attempt(s) - 50.00%
Punishers - 1 on 7 Attempt(s) - 14.29%
Penalty Kill
Carnivores - 6 on 7 Attempt(s) - 85.71%
- Score 0 goal in Penalty Kill
Punishers - 1 on 2 Attempt(s) - 50.00%
- Score 0 goal in Penalty Kill
Team Stat
Carnivores - Hits : 16 - Faceoff Wins : 32 - Blocked Shots : 11 - Penalty Minutes : 14
Punishers - Hits : 18 - Faceoff Wins : 41 - Blocked Shots : 11 - Penalty Minutes : 4
Official
Referees : Marouelli Dan and Devorski Paul
Linesman : Steve Barton and Bryan Pancich
Game Notes
Daniel Altshuller enters game at 10:11 of 2nd period
Patrick Wiercioch is injured at 11:38 of 3rd period (Torn Left Knee Ligaments)
Finance
Level 1 -- Attendance: 1343 (67.15%) -- Ticket Income $53,720
Level 2 -- Attendance: 686 (68.60%) -- Ticket Income $13,720
Total Attendance: 2029 (67.63%)
Total Ticket Income: $67,440
Other Income: $3,372
Total Income: $70,812
Carnivores
5 vs 5 Forward
Center Left Wing Right Wing Time % Phy DF OF
1 Anton Gustafsson Blake Geoffrion Brendan Gallagher 40 1 2 2
2 Scott Laughton Steve Begin Nikita Alexeev 30 1 2 2
3 Markus Granlund Jeremy Welsh Jeremy Williams 20 1 2 2
4 Zack Smith Nicolas Kerdiles Mark McNeill 10 1 2 2
5 vs 5 Defense
Defense Defense Time % Phy DF OF
1 Ryan Murray Joe Corvo 40 1 2 2
2 Mat Clark Nate Schmidt 30 1 2 2
3 Adam Pelech T.J Brodie 20 1 2 2
4 Josh Manson David Schlemko 10 1 2 2
PowerPlay Forward
Center Left Wing Right Wing Time % Phy DF OF
1 Anton Gustafsson Blake Geoffrion Brendan Gallagher 60 1 2 2
2 Scott Laughton Steve Begin Nikita Alexeev 40 1 2 2
PowerPlay Defense
Defense Defense Time % Phy DF OF
1 Ryan Murray Joe Corvo 60 1 2 2
2 Mat Clark T.J Brodie 40 1 2 2
Penalty Kill 4 Players Forward
Center Wing Time % Phy DF OF
1 Anton Gustafsson Steve Begin 60 1 2 2
2 Zack Smith Brendan Gallagher 40 1 2 2
Penalty Kill 4 Players Defense
Defense Defense Time % Phy DF OF
1 Ryan Murray Joe Corvo 60 1 2 2
2 T.J Brodie Nate Schmidt 40 1 2 2
Penalty Kill - 3 Players Forward
Forward Time % Phy DF OF
1 Steve Begin 60 1 2 2
2 Brendan Gallagher 40 1 2 2
Penalty Kill - 3 Players Defense
Defense Defense Time % Phy DF OF
1 Ryan Murray Joe Corvo 60 1 2 2
2 T.J Brodie Nate Schmidt 40 1 2 2
4 vs 4 Forward
Center Wing Time % Phy DF OF
1 Anton Gustafsson Brendan Gallagher 60 1 2 2
2 Scott Laughton Steve Begin 40 1 2 2
4 vs 4 Defense
Defense Defense Time % Phy DF OF
1 Ryan Murray Joe Corvo 60 1 2 2
2 Mat Clark Nate Schmidt 40 1 2 2
Last Minutes Offensive
Center Left Wing Right Wing Defense Defense
Anton Gustafsson Blake Geoffrion Brendan Gallagher Ryan Murray Nate Schmidt
Last Minutes Defensive
Center Left Wing Right Wing Defense Defense
Anton Gustafsson Steve Begin Brendan Gallagher Ryan Murray Nate Schmidt
Goaltenders
Starting : Mike McKenna
Backup : Daniel Altshuller
Extra Forwards
Normal : Mark Jankowski, Scott Laughton, Anton Gustafsson - PP : Mark Jankowski, Jeremy Welsh - PK : Scott Laughton
Extra Defensemen
Normal : Mattias Backman, Ryan Murray, Adam Pelech - PP : Adam Pelech - PK : Adam Pelech, Mattias Backman
Penalty Shots
Blake Geoffrion, Brendan Gallagher, Anton Gustafsson, Jeremy Welsh, Zack Smith
Scratches
Colton Orr (Healthy), Adam Almquist (Healthy), Stanislav Galiev (Healthy), Mark MacMillan (Healthy), Tyler Graovac (Healthy)
Patrick McNeill (Healthy), Sasha Pokulok (Abdominal Strain Injury), Troy Bourke (Healthy), Alexandre Mallet (Healthy), Michael Schumacher (Healthy)
Antti Raanta (Healthy)
Punishers
5 vs 5 Forward
Center Left Wing Right Wing Time % Phy DF OF
1 Zack Hamill Robbie Earl David Laliberté 40 1 2 2
2 Casey Cizikas Tanner Glass Mattias Tedenby 30 1 2 2
3 Luke Adam Garret Ross Dan Bertram 20 1 2 2
4 Quinton Howden Erik Nystrom Carter Ashton 10 1 2 2
5 vs 5 Defense
Defense Defense Time % Phy DF OF
1 Stefan Elliott Damon Severson 40 1 2 2
2 Patrick Wiercioch Jordan Schmaltz 30 1 2 2
3 Trevor Van Riemsdyk Dylan DeMelo 20 1 2 2
4 Stefan Elliott Damon Severson 10 1 2 2
PowerPlay Forward
Center Left Wing Right Wing Time % Phy DF OF
1 Zack Hamill Robbie Earl David Laliberté 60 1 2 2
2 Casey Cizikas Tanner Glass Mattias Tedenby 40 1 2 2
PowerPlay Defense
Defense Defense Time % Phy DF OF
1 Stefan Elliott Damon Severson 60 1 2 2
2 Patrick Wiercioch Jordan Schmaltz 40 1 2 2
Penalty Kill 4 Players Forward
Center Wing Time % Phy DF OF
1 Zack Hamill Robbie Earl 60 1 2 2
2 Tanner Glass David Laliberté 40 1 2 2
Penalty Kill 4 Players Defense
Defense Defense Time % Phy DF OF
1 Stefan Elliott Damon Severson 60 1 2 2
2 Patrick Wiercioch Jordan Schmaltz 40 1 2 2
Penalty Kill - 3 Players Forward
Forward Time % Phy DF OF
1 Zack Hamill 60 1 2 2
2 Robbie Earl 40 1 2 2
Penalty Kill - 3 Players Defense
Defense Defense Time % Phy DF OF
1 Stefan Elliott Damon Severson 60 1 2 2
2 Patrick Wiercioch Jordan Schmaltz 40 1 2 2
4 vs 4 Forward
Center Wing Time % Phy DF OF
1 Zack Hamill Robbie Earl 60 1 2 2
2 Tanner Glass David Laliberté 40 1 2 2
4 vs 4 Defense
Defense Defense Time % Phy DF OF
1 Stefan Elliott Damon Severson 60 1 2 2
2 Patrick Wiercioch Jordan Schmaltz 40 1 2 2
Last Minutes Offensive
Center Left Wing Right Wing Defense Defense
Zack Hamill Robbie Earl David Laliberté Stefan Elliott Damon Severson
Last Minutes Defensive
Center Left Wing Right Wing Defense Defense
Zack Hamill Robbie Earl David Laliberté Stefan Elliott Damon Severson
Goaltenders
Starting : Niklas Svedberg
Backup : Louis Domingue
Extra Forwards
Normal : Oscar Sundqvist, Radek Faksa, Luke Adam - PP : Oscar Sundqvist, Radek Faksa - PK : Luke Adam
Extra Defensemen
Normal : Trevor Van Riemsdyk, Dylan DeMelo, Patrick Wiercioch - PP : Trevor Van Riemsdyk - PK : Dylan DeMelo, Patrick Wiercioch
Penalty Shots
Zack Hamill, Robbie Earl, Tanner Glass, David Laliberté, Casey Cizikas
Scratches
Miikka Salomaki (Healthy), David Rundblad (Sports Hernia Injury), Colton Gillies (Bruised Left Shoulder Injury)
% Time on Ice - Carnivores
Lines # - Real PCT - Wanted PCT - Time Play
Normal Forward
1 - 36% - 40% - 16:11
2 - 28% - 30% - 12:43
3 - 23% - 20% - 10:16
4 - 14% - 10% - 6:18
Normal Defense
1 - 41% - 40% - 18:49
2 - 30% - 30% - 13:44
3 - 18% - 20% - 8:07
4 - 11% - 10% - 4:48
PP Forward
1 - 57% - 60% - 1:26
2 - 43% - 40% - 1:04
PP Defense
1 - 63% - 60% - 1:34
2 - 37% - 40% - 0:56
PK Forward
1 - 77% - 60% - 9:16
2 - 23% - 40% - 2:46
PK Defense
1 - 58% - 60% - 6:57
2 - 42% - 40% - 5:05
PK3 Forward
1 - 0% - 60%
2 - 0% - 40%
PK3 Defense
1 - 0% - 60%
2 - 0% - 40%
44 Forward
1 - 0% - 60%
2 - 0% - 40%
44 Defense
1 - 0% - 60%
2 - 0% - 40%
Last Minute Offensive - 0:00
Last Minute Defensive - 0:00
Total
Forward - 60:00
Defense - 60:00
|
% Time on Ice - Punishers
Lines # - Real PCT - Wanted PCT - Time Play
Normal Forward
1 - 34% - 40% - 15:36
2 - 28% - 30% - 12:43
3 - 23% - 20% - 10:19
4 - 15% - 10% - 6:50
Normal Defense
1 - 40% - 40% - 18:23
2 - 35% - 30% - 15:54
3 - 19% - 20% - 8:49
4 - 5% - 10% - 2:22
PP Forward
1 - 57% - 60% - 6:48
2 - 43% - 40% - 5:14
PP Defense
1 - 57% - 60% - 6:48
2 - 43% - 40% - 5:14
PK Forward
1 - 71% - 60% - 1:46
2 - 29% - 40% - 0:44
PK Defense
1 - 73% - 60% - 1:50
2 - 27% - 40% - 0:40
PK3 Forward
1 - 0% - 60%
2 - 0% - 40%
PK3 Defense
1 - 0% - 60%
2 - 0% - 40%
44 Forward
1 - 0% - 60%
2 - 0% - 40%
44 Defense
1 - 0% - 60%
2 - 0% - 40%
Last Minute Offensive - 0:00
Last Minute Defensive - 0:00
Total
Forward - 60:00
Defense - 60:00
|
Play by Play
1st period
0:01 of 1st period - Robbie Earl wins face-off versus Anton Gustafsson in neutral zone.
0:22 of 1st period - Minor Penalty to Zack Hamill for Hooking.
0:23 of 1st period - Luke Adam wins face-off versus Brendan Gallagher in Punishers zone.
0:53 of 1st period - Wrist shot by Nikita Alexeev.
0:53 of 1st period - Goal by Nikita Alexeev - Carnivores : 1 - Punishers : 0.
0:54 of 1st period - Scott Laughton wins face-off versus Casey Cizikas in neutral zone.
1:16 of 1st period - Icing by Mat Clark.
1:17 of 1st period - Luke Adam wins face-off versus Scott Laughton in Carnivores zone.
1:18 of 1st period - Snap shot by Dan Bertram.
1:18 of 1st period - Deflect By Mat Clark.
1:18 of 1st period - Stopped by Mike McKenna without a rebound.
1:19 of 1st period - Luke Adam wins face-off versus Markus Granlund in Carnivores zone.
1:30 of 1st period - Slapshot by Luke Adam.
1:30 of 1st period - Goal by Luke Adam - Carnivores : 1 - Punishers : 1.
1:31 of 1st period - Zack Hamill wins face-off versus Anton Gustafsson in neutral zone.
2:03 of 1st period - Snap shot by Tanner Glass.
2:03 of 1st period - Stopped by Mike McKenna with a rebound.
2:05 of 1st period - Slapshot by Patrick Wiercioch.
2:05 of 1st period - Shot Blocked by Ryan Murray.
2:18 of 1st period - Icing by Ryan Murray.
2:19 of 1st period - Markus Granlund wins face-off versus Quinton Howden in Carnivores zone.
2:38 of 1st period - Carter Ashton is hit by Joe Corvo and loses puck.
2:43 of 1st period - Snap shot by Jeremy Williams.
2:43 of 1st period - Stopped by Niklas Svedberg without a rebound.
2:44 of 1st period - David Laliberté wins face-off versus Blake Geoffrion in Punishers zone.
2:49 of 1st period - Blake Geoffrion is hit by Trevor Van Riemsdyk and loses puck.
3:00 of 1st period - David Laliberté is hit by Anton Gustafsson and loses puck.
3:41 of 1st period - Snap shot by Carter Ashton.
3:41 of 1st period - Shot Misses the Net.
4:05 of 1st period - Wrist shot by Jeremy Welsh.
4:05 of 1st period - Stopped by Niklas Svedberg with a rebound.
5:15 of 1st period - Jeremy Williams is hit by Zack Hamill and loses puck.
6:06 of 1st period - Carter Ashton is hit by Steve Begin and loses puck.
6:50 of 1st period - Slapshot by David Laliberté.
6:50 of 1st period - Deflect By Zack Hamill.
6:50 of 1st period - Shot Misses the Net.
6:50 of 1st period - Puck is out of play.
6:51 of 1st period - Zack Hamill wins face-off versus Markus Granlund in Carnivores zone.
6:52 of 1st period - Slapshot by Robbie Earl.
6:52 of 1st period - Shot Misses the Net.
6:58 of 1st period - Snap shot by Jeremy Welsh.
6:58 of 1st period - Shot Misses the Net.
7:00 of 1st period - Slapshot by David Schlemko.
7:00 of 1st period - Shot Misses the Net.
7:24 of 1st period - Wrist shot by Jeremy Williams.
7:24 of 1st period - Stopped by Niklas Svedberg without a rebound.
7:25 of 1st period - Anton Gustafsson wins face-off versus Casey Cizikas in Punishers zone.
7:34 of 1st period - Wrist shot by Brendan Gallagher.
7:34 of 1st period - Shot Misses the Net.
7:38 of 1st period - Snap shot by Blake Geoffrion.
7:38 of 1st period - Shot Blocked by Mattias Tedenby.
7:40 of 1st period - Slapshot by Ryan Murray.
7:40 of 1st period - Stopped by Niklas Svedberg with a rebound.
7:46 of 1st period - Minor Penalty to Stefan Elliott for Interference.
7:47 of 1st period - Anton Gustafsson wins face-off versus Zack Hamill in Punishers zone.
8:22 of 1st period - Slapshot by Tanner Glass.
8:22 of 1st period - Stopped by Mike McKenna without a rebound.
8:23 of 1st period - Zack Hamill wins face-off versus Scott Laughton in Carnivores zone.
8:51 of 1st period - Joe Corvo is hit by Tanner Glass and loses puck.
9:22 of 1st period - Slapshot by Blake Geoffrion.
9:22 of 1st period - Stopped by Niklas Svedberg without a rebound.
9:23 of 1st period - Scott Laughton wins face-off versus Zack Hamill in Punishers zone.
9:38 of 1st period - Slapshot by Steve Begin.
9:38 of 1st period - Stopped by Niklas Svedberg with a rebound.
9:46 of 1st period - Penalty to Stefan Elliott is over, Stefan Elliott is back on ice.
10:02 of 1st period - Snap shot by Casey Cizikas.
10:02 of 1st period - Deflect By Jeremy Williams.
10:02 of 1st period - Stopped by Mike McKenna without a rebound.
10:03 of 1st period - Jeremy Welsh wins face-off versus Luke Adam in Carnivores zone.
10:08 of 1st period - Patrick Wiercioch is hit by Jeremy Welsh and loses puck.
10:23 of 1st period - Snap shot by Jeremy Williams.
10:23 of 1st period - Stopped by Niklas Svedberg without a rebound.
10:24 of 1st period - Zack Hamill wins face-off versus Brendan Gallagher in Punishers zone.
10:55 of 1st period - Snap shot by Tanner Glass.
10:55 of 1st period - Goal by Tanner Glass - Carnivores : 1 - Punishers : 2.
10:56 of 1st period - Anton Gustafsson wins face-off versus Zack Hamill in neutral zone.
11:06 of 1st period - Wrist shot by David Laliberté.
11:06 of 1st period - Shot Blocked by Blake Geoffrion.
11:40 of 1st period - Snap shot by Blake Geoffrion.
11:40 of 1st period - Stopped by Niklas Svedberg with a rebound.
12:04 of 1st period - Wrist shot by Blake Geoffrion.
12:04 of 1st period - Shot Misses the Net.
12:06 of 1st period - Slapshot by Mat Clark.
12:06 of 1st period - Shot Misses the Net.
12:08 of 1st period - Wrist shot by Nate Schmidt.
12:08 of 1st period - Shot Blocked by Luke Adam.
12:14 of 1st period - Slapshot by Brendan Gallagher.
12:14 of 1st period - Deflect By Blake Geoffrion.
12:14 of 1st period - Stopped by Niklas Svedberg with a rebound.
12:16 of 1st period - Slapshot by Nate Schmidt.
12:16 of 1st period - Shot Blocked by Luke Adam.
12:20 of 1st period - Snap shot by Blake Geoffrion.
12:20 of 1st period - Stopped by Niklas Svedberg without a rebound.
12:21 of 1st period - Robbie Earl wins face-off versus Scott Laughton in Punishers zone.
13:32 of 1st period - Jeremy Williams is hit by Zack Hamill and loses puck.
13:59 of 1st period - Snap shot by Mattias Tedenby.
13:59 of 1st period - Shot Misses the Net.
14:17 of 1st period - Snap shot by Jeremy Williams.
14:17 of 1st period - Shot Blocked by Jordan Schmaltz.
14:44 of 1st period - Snap shot by Quinton Howden.
14:44 of 1st period - Shot Misses the Net.
14:57 of 1st period - Icing by Stefan Elliott.
14:58 of 1st period - Anton Gustafsson wins face-off versus Casey Cizikas in Punishers zone.
15:01 of 1st period - Slapshot by Blake Geoffrion.
15:01 of 1st period - Stopped by Niklas Svedberg with a rebound.
15:25 of 1st period - Slapshot by Blake Geoffrion.
15:25 of 1st period - Deflect By Anton Gustafsson.
15:25 of 1st period - Shot Blocked by Tanner Glass.
15:25 of 1st period - Puck is out of play.
15:26 of 1st period - Zack Hamill wins face-off versus Anton Gustafsson in Punishers zone.
15:56 of 1st period - Wrist shot by Garret Ross.
15:56 of 1st period - Stopped by Mike McKenna with a rebound.
15:58 of 1st period - Backhand shot by Dan Bertram.
15:58 of 1st period - Stopped by Mike McKenna without a rebound.
15:59 of 1st period - Casey Cizikas wins face-off versus Steve Begin in Carnivores zone.
16:15 of 1st period - Snap shot by Scott Laughton.
16:15 of 1st period - Shot Blocked by Stefan Elliott.
16:25 of 1st period - Stefan Elliott is hit by Markus Granlund and loses puck.
16:44 of 1st period - Slapshot by Tanner Glass.
16:44 of 1st period - Goal by Tanner Glass - Carnivores : 1 - Punishers : 3.
16:45 of 1st period - Robbie Earl wins face-off versus Anton Gustafsson in neutral zone.
17:08 of 1st period - Icing by Stefan Elliott.
17:09 of 1st period - Luke Adam wins face-off versus Scott Laughton in Punishers zone.
17:23 of 1st period - Damon Severson is hit by Scott Laughton and loses puck.
17:36 of 1st period - Wrist shot by Mattias Tedenby.
17:36 of 1st period - Stopped by Mike McKenna with a rebound.
17:38 of 1st period - Wrist shot by Casey Cizikas.
17:38 of 1st period - Stopped by Mike McKenna without a rebound.
17:39 of 1st period - Mattias Tedenby wins face-off versus Anton Gustafsson in Carnivores zone.
17:46 of 1st period - Snap shot by Mattias Tedenby.
17:46 of 1st period - Shot Misses the Net.
17:48 of 1st period - Wrist shot by Mattias Tedenby.
17:48 of 1st period - Shot Blocked by Joe Corvo.
17:50 of 1st period - Snap shot by Tanner Glass.
17:50 of 1st period - Shot Blocked by Joe Corvo.
17:52 of 1st period - Snap shot by Patrick Wiercioch.
17:52 of 1st period - Deflect By Mattias Tedenby.
17:52 of 1st period - Shot Blocked by Joe Corvo.
17:52 of 1st period - Puck is out of play.
17:53 of 1st period - Scott Laughton wins face-off versus Zack Hamill in Carnivores zone.
18:00 of 1st period - Wrist shot by Steve Begin.
18:00 of 1st period - Shot Misses the Net.
18:20 of 1st period - Blake Geoffrion is hit by Dan Bertram and loses puck.
18:27 of 1st period - Wrist shot by Blake Geoffrion.
18:27 of 1st period - Shot Blocked by Stefan Elliott.
18:29 of 1st period - Wrist shot by Brendan Gallagher.
18:29 of 1st period - Goal by Brendan Gallagher - Carnivores : 2 - Punishers : 3.
18:30 of 1st period - Anton Gustafsson wins face-off versus Zack Hamill in neutral zone.
18:33 of 1st period - David Laliberté is hit by Brendan Gallagher.
19:20 of 1st period - Joe Corvo is hit by David Laliberté and loses puck.
19:25 of 1st period - Wrist shot by Jeremy Williams.
19:25 of 1st period - Deflect By Jeremy Welsh.
19:25 of 1st period - Stopped by Niklas Svedberg without a rebound.
19:26 of 1st period - Casey Cizikas wins face-off versus Anton Gustafsson in Punishers zone.
19:26 of 1st period - Casey Cizikas is hit by Brendan Gallagher.
19:36 of 1st period - Wrist shot by Mattias Tedenby.
19:36 of 1st period - Stopped by Mike McKenna without a rebound.
19:37 of 1st period - Anton Gustafsson wins face-off versus Casey Cizikas in Carnivores zone.
19:44 of 1st period - Slapshot by Blake Geoffrion.
19:44 of 1st period - Stopped by Niklas Svedberg with a rebound.
19:54 of 1st period - Blake Geoffrion is hit by Tanner Glass and loses puck.
Goals for this period are 2 for Carnivores vs 3 for Punishers.
Shots for this period are 15 for Carnivores vs 12 for Punishers.
2nd period
0:01 of 2nd period - Anton Gustafsson wins face-off versus Zack Hamill in neutral zone.
0:12 of 2nd period - Wrist shot by David Laliberté.
0:12 of 2nd period - Stopped by Mike McKenna without a rebound.
0:13 of 2nd period - Zack Hamill wins face-off versus Scott Laughton in Carnivores zone.
0:48 of 2nd period - Wrist shot by Blake Geoffrion.
0:48 of 2nd period - Stopped by Niklas Svedberg with a rebound.
1:02 of 2nd period - Snap shot by Stefan Elliott.
1:02 of 2nd period - Stopped by Mike McKenna with a rebound.
1:04 of 2nd period - Snap shot by Garret Ross.
1:04 of 2nd period - Stopped by Mike McKenna without a rebound.
1:05 of 2nd period - Scott Laughton wins face-off versus Dan Bertram in Carnivores zone.
2:05 of 2nd period - Markus Granlund is hit by Tanner Glass and loses puck.
2:42 of 2nd period - Wrist shot by Nikita Alexeev.
2:42 of 2nd period - Stopped by Niklas Svedberg without a rebound.
2:43 of 2nd period - Zack Hamill wins face-off versus Anton Gustafsson in Punishers zone.
2:56 of 2nd period - Snap shot by Anton Gustafsson.
2:56 of 2nd period - Stopped by Niklas Svedberg with a rebound.
2:58 of 2nd period - Slapshot by Joe Corvo.
2:58 of 2nd period - Stopped by Niklas Svedberg with a rebound.
3:13 of 2nd period - Wrist shot by Casey Cizikas.
3:13 of 2nd period - Shot Blocked by Nikita Alexeev.
3:19 of 2nd period - Snap shot by Tanner Glass.
3:19 of 2nd period - Shot Blocked by Ryan Murray.
4:22 of 2nd period - Icing by Steve Begin.
4:23 of 2nd period - Scott Laughton wins face-off versus Quinton Howden in Carnivores zone.
4:36 of 2nd period - Wrist shot by Quinton Howden.
4:36 of 2nd period - Shot Blocked by T.J Brodie.
4:38 of 2nd period - Wrist shot by Damon Severson.
4:38 of 2nd period - Deflect By Scott Laughton.
4:38 of 2nd period - Stopped by Mike McKenna with a rebound.
4:46 of 2nd period - Snap shot by Carter Ashton.
4:46 of 2nd period - Shot Misses the Net.
4:48 of 2nd period - Slapshot by Patrick Wiercioch.
4:48 of 2nd period - Stopped by Mike McKenna with a rebound.
4:56 of 2nd period - Snap shot by Quinton Howden.
4:56 of 2nd period - Shot Misses the Net.
5:36 of 2nd period - Wrist shot by Carter Ashton.
5:36 of 2nd period - Stopped by Mike McKenna with a rebound.
5:38 of 2nd period - Slapshot by Stefan Elliott.
5:38 of 2nd period - Deflect By Nikita Alexeev.
5:38 of 2nd period - Stopped by Mike McKenna without a rebound.
5:39 of 2nd period - Anton Gustafsson wins face-off versus Zack Hamill in Carnivores zone.
6:04 of 2nd period - Wrist shot by Luke Adam.
6:04 of 2nd period - Stopped by Mike McKenna with a rebound.
7:27 of 2nd period - Snap shot by Stefan Elliott.
7:27 of 2nd period - Stopped by Mike McKenna with a rebound.
7:29 of 2nd period - Slapshot by Stefan Elliott.
7:29 of 2nd period - Deflect By Garret Ross.
7:29 of 2nd period - Goal by Garret Ross - Carnivores : 2 - Punishers : 4.
7:30 of 2nd period - Zack Hamill wins face-off versus Anton Gustafsson in neutral zone.
7:33 of 2nd period - Wrist shot by David Laliberté.
7:33 of 2nd period - Deflect By Robbie Earl.
7:33 of 2nd period - Stopped by Mike McKenna with a rebound.
7:57 of 2nd period - Tanner Glass is hit by Nikita Alexeev and loses puck.
9:59 of 2nd period - Off-side.
10:00 of 2nd period - Zack Smith wins face-off versus Zack Hamill in neutral zone.
10:03 of 2nd period - Snap shot by Mark McNeill.
10:03 of 2nd period - Shot Misses the Net.
10:05 of 2nd period - Slapshot by David Schlemko.
10:05 of 2nd period - Stopped by Niklas Svedberg without a rebound.
10:06 of 2nd period - Zack Hamill wins face-off versus Anton Gustafsson in Punishers zone.
10:11 of 2nd period - Snap shot by David Laliberté.
10:11 of 2nd period - Goal by David Laliberté - Carnivores : 2 - Punishers : 5.
10:11 of 2nd period - Daniel Altshuller enters game.
10:12 of 2nd period - Zack Hamill wins face-off versus Anton Gustafsson in neutral zone.
10:14 of 2nd period - Off-side.
10:15 of 2nd period - Zack Hamill wins face-off versus Anton Gustafsson in neutral zone.
10:28 of 2nd period - Wrist shot by Zack Hamill.
10:28 of 2nd period - Stopped by Daniel Altshuller with a rebound.
10:30 of 2nd period - Snap shot by Robbie Earl.
10:30 of 2nd period - Shot Misses the Net.
10:45 of 2nd period - Minor Penalty to Scott Laughton for Holding Stick.
10:46 of 2nd period - Zack Hamill wins face-off versus Anton Gustafsson in Carnivores zone.
10:46 of 2nd period - Wrist shot by Robbie Earl.
10:46 of 2nd period - Shot Misses the Net.
10:48 of 2nd period - Slapshot by Zack Hamill.
10:48 of 2nd period - Shot Misses the Net.
10:50 of 2nd period - Slapshot by Damon Severson.
10:50 of 2nd period - Stopped by Daniel Altshuller with a rebound.
11:00 of 2nd period - Wrist shot by Robbie Earl.
11:00 of 2nd period - Deflect By Anton Gustafsson.
11:00 of 2nd period - Shot Misses the Net.
11:00 of 2nd period - Puck is out of play.
11:01 of 2nd period - Zack Hamill wins face-off versus Anton Gustafsson in Carnivores zone.
12:45 of 2nd period - Penalty to Scott Laughton is over, Scott Laughton is back on ice.
12:54 of 2nd period - Off-side.
12:55 of 2nd period - Luke Adam wins face-off versus Jeremy Williams in neutral zone.
14:00 of 2nd period - Mattias Tedenby is hit by Markus Granlund and loses puck.
15:16 of 2nd period - Icing by Jordan Schmaltz.
15:17 of 2nd period - Markus Granlund wins face-off versus Casey Cizikas in Punishers zone.
15:27 of 2nd period - Icing by Tanner Glass.
15:28 of 2nd period - Casey Cizikas wins face-off versus Anton Gustafsson in Punishers zone.
16:03 of 2nd period - Anton Gustafsson is hit by Casey Cizikas and loses puck.
16:24 of 2nd period - Wrist shot by Brendan Gallagher.
16:24 of 2nd period - Shot Blocked by Jordan Schmaltz.
16:26 of 2nd period - Snap shot by Brendan Gallagher.
16:26 of 2nd period - Goal by Brendan Gallagher - Carnivores : 3 - Punishers : 5.
16:27 of 2nd period - Scott Laughton wins face-off versus Zack Hamill in neutral zone.
16:42 of 2nd period - Snap shot by Zack Hamill.
16:42 of 2nd period - Stopped by Daniel Altshuller without a rebound.
16:43 of 2nd period - Markus Granlund wins face-off versus Luke Adam in Carnivores zone.
16:43 of 2nd period - Markus Granlund is hit by Damon Severson.
16:55 of 2nd period - Snap shot by Dan Bertram.
16:55 of 2nd period - Stopped by Daniel Altshuller without a rebound.
16:56 of 2nd period - Blake Geoffrion wins face-off versus Zack Hamill in Carnivores zone.
17:07 of 2nd period - Wrist shot by Anton Gustafsson.
17:07 of 2nd period - Stopped by Niklas Svedberg with a rebound.
17:10 of 2nd period - Icing by Stefan Elliott.
17:11 of 2nd period - Scott Laughton wins face-off versus Zack Hamill in Punishers zone.
17:45 of 2nd period - Slapshot by Zack Hamill.
17:45 of 2nd period - Stopped by Daniel Altshuller without a rebound.
17:46 of 2nd period - Casey Cizikas wins face-off versus Anton Gustafsson in Carnivores zone.
17:51 of 2nd period - Slapshot by Mattias Tedenby.
17:51 of 2nd period - Stopped by Daniel Altshuller without a rebound.
17:52 of 2nd period - Anton Gustafsson wins face-off versus Casey Cizikas in Carnivores zone.
17:54 of 2nd period - Minor Penalty to Brendan Gallagher for Holding Stick.
17:55 of 2nd period - Anton Gustafsson wins face-off versus Zack Hamill in Carnivores zone.
18:31 of 2nd period - Slapshot by Casey Cizikas.
18:31 of 2nd period - Shot Hit the Post.
19:54 of 2nd period - Penalty to Brendan Gallagher is over, Brendan Gallagher is back on ice.
Goals for this period are 1 for Carnivores vs 2 for Punishers.
Shots for this period are 7 for Carnivores vs 18 for Punishers.
3rd period
0:01 of 3rd period - Zack Hamill wins face-off versus Anton Gustafsson in neutral zone.
0:03 of 3rd period - Stefan Elliott is hit by Joe Corvo and loses puck.
0:26 of 3rd period - Steve Begin is hit by Tanner Glass and loses puck.
1:35 of 3rd period - Minor Penalty to Nicolas Kerdiles for Holding.
1:36 of 3rd period - Zack Hamill wins face-off versus Anton Gustafsson in Carnivores zone.
3:35 of 3rd period - Penalty to Nicolas Kerdiles is over, Nicolas Kerdiles is back on ice.
4:00 of 3rd period - Minor Penalty to Jeremy Welsh for Hooking.
4:01 of 3rd period - Zack Hamill wins face-off versus Anton Gustafsson in Carnivores zone.
4:36 of 3rd period - Slapshot by Stefan Elliott.
4:36 of 3rd period - Shot Misses the Net.
5:50 of 3rd period - Nicolas Kerdiles is hit by Oscar Sundqvist and loses puck.
6:00 of 3rd period - Penalty to Jeremy Welsh is over, Jeremy Welsh is back on ice.
6:01 of 3rd period - Mattias Tedenby is hit by Nicolas Kerdiles.
7:08 of 3rd period - Snap shot by Jeremy Williams.
7:08 of 3rd period - Shot Blocked by Damon Severson.
7:10 of 3rd period - Slapshot by Mat Clark.
7:10 of 3rd period - Deflect By Stefan Elliott.
7:10 of 3rd period - Stopped by Niklas Svedberg with a rebound.
7:46 of 3rd period - Backhand shot by Mat Clark.
7:46 of 3rd period - Deflect By Steve Begin.
7:46 of 3rd period - Stopped by Niklas Svedberg with a rebound.
8:39 of 3rd period - Off-side.
8:40 of 3rd period - Scott Laughton wins face-off versus Zack Hamill in neutral zone.
8:52 of 3rd period - Slapshot by Joe Corvo.
8:52 of 3rd period - Deflect By Nikita Alexeev.
8:52 of 3rd period - Stopped by Niklas Svedberg without a rebound.
8:53 of 3rd period - Casey Cizikas wins face-off versus Anton Gustafsson in Punishers zone.
9:00 of 3rd period - Slapshot by Brendan Gallagher.
9:00 of 3rd period - Shot Misses the Net.
9:06 of 3rd period - Snap shot by Brendan Gallagher.
9:06 of 3rd period - Deflect By Blake Geoffrion.
9:06 of 3rd period - Shot Misses the Net.
9:06 of 3rd period - Puck is out of play.
9:07 of 3rd period - Scott Laughton wins face-off versus Zack Hamill in Punishers zone.
9:10 of 3rd period - Slapshot by Steve Begin.
9:10 of 3rd period - Shot Misses the Net.
9:12 of 3rd period - Wrist shot by Scott Laughton.
9:12 of 3rd period - Stopped by Niklas Svedberg with a rebound.
9:14 of 3rd period - Snap shot by Ryan Murray.
9:14 of 3rd period - Shot Blocked by Robbie Earl.
9:29 of 3rd period - Icing by Ryan Murray.
9:30 of 3rd period - Anton Gustafsson wins face-off versus Casey Cizikas in Carnivores zone.
9:30 of 3rd period - Anton Gustafsson is hit by Tanner Glass.
10:00 of 3rd period - Wrist shot by Steve Begin.
10:00 of 3rd period - Deflect By Scott Laughton.
10:00 of 3rd period - Stopped by Niklas Svedberg without a rebound.
10:01 of 3rd period - Zack Hamill wins face-off versus Scott Laughton in Punishers zone.
10:37 of 3rd period - Casey Cizikas is hit by Anton Gustafsson and loses puck.
10:43 of 3rd period - Minor Penalty to Mat Clark for Roughing.
10:44 of 3rd period - Anton Gustafsson wins face-off versus Zack Hamill in Carnivores zone.
10:44 of 3rd period - Anton Gustafsson is hit by Robbie Earl.
10:50 of 3rd period - Icing by David Laliberté.
10:51 of 3rd period - Zack Hamill wins face-off versus Anton Gustafsson in Punishers zone.
10:51 of 3rd period - Zack Hamill is hit by Steve Begin.
11:18 of 3rd period - Snap shot by David Laliberté.
11:18 of 3rd period - Stopped by Daniel Altshuller with a rebound.
11:38 of 3rd period - Slapshot by Brendan Gallagher.
11:38 of 3rd period - Shot Blocked by Patrick Wiercioch.
11:38 of 3rd period - Patrick Wiercioch from Punishers is injured at 11:38 of 3rd period (Torn Left Knee Ligaments).
11:39 of 3rd period - Zack Hamill wins face-off versus Anton Gustafsson in Punishers zone.
11:48 of 3rd period - Snap shot by Stefan Elliott.
11:48 of 3rd period - Shot Misses the Net.
12:18 of 3rd period - Snap shot by Tanner Glass.
12:18 of 3rd period - Stopped by Daniel Altshuller without a rebound.
12:19 of 3rd period - Anton Gustafsson wins face-off versus Casey Cizikas in Carnivores zone.
12:28 of 3rd period - T.J Brodie is hit by Tanner Glass and loses puck.
12:43 of 3rd period - Penalty to Mat Clark is over, Mat Clark is back on ice.
12:48 of 3rd period - Wrist shot by Zack Hamill.
12:48 of 3rd period - Shot Misses the Net.
12:50 of 3rd period - Snap shot by David Laliberté.
12:50 of 3rd period - Shot Blocked by Josh Manson.
12:52 of 3rd period - Wrist shot by Robbie Earl.
12:52 of 3rd period - Deflect By Zack Hamill.
12:52 of 3rd period - Shot Misses the Net.
12:52 of 3rd period - Puck is out of play.
12:53 of 3rd period - Markus Granlund wins face-off versus Zack Hamill in Carnivores zone.
13:00 of 3rd period - Slapshot by Jordan Schmaltz.
13:00 of 3rd period - Stopped by Daniel Altshuller without a rebound.
13:01 of 3rd period - Robbie Earl wins face-off versus Markus Granlund in Carnivores zone.
13:39 of 3rd period - Off-side.
13:40 of 3rd period - Zack Hamill wins face-off versus Anton Gustafsson in neutral zone.
14:05 of 3rd period - Tanner Glass is hit by Nikita Alexeev and loses puck.
14:32 of 3rd period - Nate Schmidt is hit by Luke Adam and loses puck.
14:47 of 3rd period - Slapshot by Quinton Howden.
14:47 of 3rd period - Stopped by Daniel Altshuller with a rebound.
14:49 of 3rd period - Backhand shot by Carter Ashton.
14:49 of 3rd period - Goal by Carter Ashton - Carnivores : 3 - Punishers : 6.
14:50 of 3rd period - David Laliberté wins face-off versus Anton Gustafsson in neutral zone.
14:59 of 3rd period - Wrist shot by Zack Hamill.
14:59 of 3rd period - Shot Misses the Net.
15:01 of 3rd period - Slapshot by Zack Hamill.
15:01 of 3rd period - Stopped by Daniel Altshuller with a rebound.
15:03 of 3rd period - Slapshot by Stefan Elliott.
15:03 of 3rd period - Deflect By Zack Hamill.
15:03 of 3rd period - Shot Misses the Net.
15:03 of 3rd period - Puck is out of play.
15:04 of 3rd period - Anton Gustafsson wins face-off versus Zack Hamill in Carnivores zone.
15:04 of 3rd period - Anton Gustafsson is hit by Damon Severson.
15:07 of 3rd period - Minor Penalty to Anton Gustafsson for Slashing.
15:08 of 3rd period - Zack Hamill wins face-off versus Scott Laughton in Carnivores zone.
15:09 of 3rd period - Snap shot by David Laliberté.
15:09 of 3rd period - Stopped by Daniel Altshuller without a rebound.
15:10 of 3rd period - Scott Laughton wins face-off versus Zack Hamill in Carnivores zone.
17:07 of 3rd period - Penalty to Anton Gustafsson is over, Anton Gustafsson is back on ice.
17:43 of 3rd period - Markus Granlund is hit by Luke Adam and loses puck.
18:10 of 3rd period - Jordan Schmaltz is hit by Anton Gustafsson and loses puck.
18:32 of 3rd period - Minor Penalty to Nicolas Kerdiles for Hooking.
18:33 of 3rd period - Zack Hamill wins face-off versus Anton Gustafsson in Carnivores zone.
18:34 of 3rd period - Snap shot by Robbie Earl.
18:34 of 3rd period - Shot Misses the Net.
18:36 of 3rd period - Slapshot by Damon Severson.
18:36 of 3rd period - Shot Blocked by Steve Begin.
18:38 of 3rd period - Slapshot by David Laliberté.
18:38 of 3rd period - Shot Blocked by T.J Brodie.
18:40 of 3rd period - Slapshot by Damon Severson.
18:40 of 3rd period - Goal by Damon Severson - Carnivores : 3 - Punishers : 7.
18:41 of 3rd period - Anton Gustafsson wins face-off versus Zack Hamill in neutral zone.
18:48 of 3rd period - Snap shot by Brendan Gallagher.
18:48 of 3rd period - Stopped by Niklas Svedberg without a rebound.
18:49 of 3rd period - Zack Hamill wins face-off versus Anton Gustafsson in Punishers zone.
19:00 of 3rd period - Wrist shot by Zack Hamill.
19:00 of 3rd period - Stopped by Daniel Altshuller without a rebound.
19:01 of 3rd period - Zack Hamill wins face-off versus Anton Gustafsson in Carnivores zone.
19:06 of 3rd period - Slapshot by Zack Hamill.
19:06 of 3rd period - Stopped by Daniel Altshuller with a rebound.
Goals for this period are 0 for Carnivores vs 2 for Punishers.
Shots for this period are 6 for Carnivores vs 10 for Punishers.
Back to the Top